Map: Radhuset Station LE

Players

Subwayeatn

  • Race: Zerg Zerg
  • League: Platinum
  • Spawn Location: 1:00

SWARM - Winner!

  • Race: Zerg Zerg
  • League: Diamond
  • Spawn Location: 7:00

VOD

Have the link to the VOD?

Description

Time

  • Played on: Oct. 19, 2023, 8:39 p.m.
  • Length: 15:32
Show
View Real Time Build Order
Export as new Build Order

Subwayeatn Zerg 

Build Orders: Pool First 

Get SALT Encoding   

  12  0:00  Drone  
  13  0:27  Spawning Pool  
  13  0:28  Drone  
  13  0:29  Drone  
  14  0:37  Overlord  
  14  1:06  Drone  
  15  1:13  Queen  
  15  1:15  Zergling x2  
  18  1:30  Drone, Hatchery  
  19  1:32  Drone  
  19  1:33  Drone  
  20  1:47  Drone  
  20  1:52  Overlord  
  21  2:02  Extractor, Queen  
  22  2:23  Zergling x2  
  22  2:24  Zergling x8  
  25  2:49  Queen  
  27  2:56  Zergling x6  
  27  2:57  Zergling x4  
  32  3:06  Overlord  
  32  3:25  Extractor  
  29  3:38  Spine Crawler  
  29  3:39  Drone x7  
  35  3:52  Evolution Chamber  
  34  4:06  Queen  
  34  4:17  Queen  
  34  4:25  Metabolic Boost  
  34  4:29  Zergling x2  
  34  4:30  Zergling x14  
  42  4:31  Extractor  
  41  4:41  Drone  
  41  4:42  Drone x2  
  44  5:18  Queen, Hatchery  
  39  5:35  Queen  
  39  5:40  Drone x5  
  39  5:41  Overlord  
  44  5:42  Overlord  
  44  5:55  Zerg Ground Armor Level 1  
  44  6:03  Extractor, Baneling Nest  
  42  6:11  Drone x4  
  46  6:18  Overlord  
  46  6:33  Drone  
  46  6:34  Drone x4  
  51  6:45  Drone x3  
  54  6:48  Baneling x6  
  54  7:03  Queen  
  54  7:06  Lair  
  56  7:10  Drone x6  
  62  7:22  Extractor  
  61  7:32  Drone x3  
  61  7:36  Overlord  
  64  7:38  Overlord  
  64  7:39  Overlord  
  64  7:59  Overlord  
  64  8:03  Zergling x12  
  70  8:15  Drone x3  
  70  8:16  Drone x7  
  80  8:22  Overseer  
  80  8:24  Overseer  
  78  9:15  Extractor  
  77  9:20  Drone x2  
  77  9:23  Overlord  
  79  9:27  Drone  
  79  9:28  Drone x2, Overlord, Spire  
  81  9:34  Drone x3  
  81  9:35  Extractor, Drone x2  
  81  9:36  Drone  
  86  9:41  Centrifugal Hooks  
  85  10:04  Zergling x2  
  85  10:05  Zergling x24  
  87  10:10  Spine Crawler  
  87  10:11  Spine Crawler  
  87  10:12  Spine Crawler x2  
  87  10:13  Spine Crawler  
  78  10:17  Zergling x2  
  78  10:18  Zergling x6  
  74  10:32  Spine Crawler  
  74  10:34  Spine Crawler  
  74  10:35  Spine Crawler  
  59  10:36  Spine Crawler  
  59  10:37  Spine Crawler  
  59  10:40  Zergling x2  
  59  10:41  Zergling x16  
  57  10:45  Queen  
  53  10:52  Zergling x4  
  53  10:53  Zergling x8  
  51  11:16  Spawning Pool  
  48  11:29  Spire  
  48  11:31  Zergling x18  
  48  11:32  Zergling x2  
  50  11:44  Zergling x4  
  11  12:19  Zergling x8  
  13  12:41  Mutalisk x2  
  13  12:42  Mutalisk x5  
  26  12:48  Mutalisk  
  28  12:58  Mutalisk  
  28  12:59  Mutalisk x2  
  34  13:14  Mutalisk  
  35  13:26  Drone x4  
  39  13:32  Mutalisk  
  41  13:45  Mutalisk  
  42  13:53  Drone x2  
  42  13:54  Drone  
  43  14:12  Drone x2  
  45  14:36  Drone x4  
  48  14:55  Mutalisk x2  
  48  14:56  Hatchery  
Show
View Real Time Build Order
Export as new Build Order

SWARM Zerg - Winner!

Build Orders: Pool First 

Get SALT Encoding   

  12  0:21  Spawning Pool  
  11  0:30  Drone x2  
  11  0:32  Extractor  
  11  0:34  Drone  
  13  0:44  Drone  
  14  0:52  Overlord  
  14  1:11  Zergling x2  
  14  1:12  Queen  
  17  1:18  Zergling x2  
  19  1:25  Zergling x2  
  19  1:44  Metabolic Boost  
  19  1:51  Zergling x4  
  21  2:01  Zergling x2  
  22  2:21  Overlord, Hatchery  
  21  2:33  Zergling x2  
  21  2:36  Overlord  
  22  2:49  Zergling x2  
  22  2:50  Zergling x4  
  24  2:55  Drone x2  
  26  3:01  Zergling x2  
  27  3:24  Zergling x4  
  28  3:31  Zergling x2  
  28  3:32  Zergling x4  
  29  3:38  Roach Warren  
  28  3:43  Drone  
  29  4:00  Zergling x2  
  29  4:01  Zergling x6  
  29  4:18  Zergling x8  
  29  4:33  Drone x3  
  32  4:39  Zergling x4  
  34  4:46  Drone  
  35  4:57  Drone  
  35  4:58  Drone x2  
  34  5:26  Zergling x14  
  31  5:36  Drone  
  31  5:41  Drone  
  33  5:43  Queen  
  33  5:48  Roach x3  
  41  5:52  Drone  
  42  5:58  Lair  
  42  6:07  Drone  
  42  6:08  Drone  
  43  6:16  Drone  
  44  6:25  Overlord  
  44  6:28  Hatchery  
  44  6:31  Drone  
  44  6:44  Drone x7  
  44  6:45  Drone  
  52  6:59  Nydus Network  
  51  7:01  Extractor  
  51  7:02  Extractor, Overlord  
  51  7:03  Overlord  
  49  7:19  Roach  
  51  7:26  Roach x6  
  51  7:29  Roach  
  65  7:31  Roach  
  67  7:43  Drone  
  67  7:44  Drone x2  
  70  7:57  Roach x2  
  74  8:06  Overlord x3  
  74  8:10  Spine Crawler  
  74  8:12  Spine Crawler  
  72  8:13  Overseer  
  72  8:16  Roach  
  70  8:36  Roach x9  
  88  8:44  Nydus Canal  
  88  8:48  Roach x3  
  94  8:51  Glial Reconstitution  
  92  9:02  Nydus Canal  
  92  9:06  Roach x3  
  98  9:15  Overlord x2  
  97  9:21  Overseer  
  97  9:27  Overlord x3  
  97  9:35  Nydus Canal  
  97  9:38  Overseer  
  97  9:40  Drone x5  
  97  9:41  Drone  
  103  9:59  Nydus Canal  
  100  10:04  Roach x6  
  112  10:23  Roach x7  
  112  10:25  Nydus Canal  
  124  10:35  Hatchery  
  124  10:40  Hatchery  
  119  10:43  Roach x2  
  121  10:52  Nydus Canal  
  121  10:59  Roach x5  
  123  11:11  Nydus Canal  
  123  11:17  Roach x6  
  125  11:29  Drone x5  
  130  11:35  Spire  
  130  11:38  Infestation Pit, Drone  
  113  11:51  Roach  
  113  11:52  Roach x3  
  115  11:58  Nydus Canal  
  103  12:12  Roach x6  
  115  12:26  Extractor  
  115  12:28  Extractor  
  113  12:33  Drone x6  
  119  12:38  Hatchery  
  118  12:49  Mutalisk x4  
  126  13:01  Roach x6  
  130  13:23  Mutalisk  
  130  13:29  Extractor  
  130  13:31  Extractor  
  124  13:50  Drone x12  
  136  14:03  Extractor  
  136  14:08  Mutalisk x4  
  139  14:16  Overlord x7  
  129  14:32  Corruptor x3  
  133  14:41  Nydus Canal  
  133  14:47  Evolution Chamber  
  133  14:48  Evolution Chamber  
  133  14:51  Overseer  
  131  14:54  Extractor  
  131  14:55  Extractor  
  129  15:00  Corruptor  
  129  15:01  Corruptor  
Tags
 
Add a new tag
Caveats
  • Supply blocks, unpowered buildings, or Contaminate may cause inaccurate times.
  • Supply counts are checked every 10 seconds.